 Dungeon Crawl Stone Soup version 0.19-a0-1937-g70ed36a (webtiles) character file.

7127 Motku123 the Jinx (level 10, -5/45 HPs)
             Began as a Felid Enchanter on Oct 26, 2016.
             Was an Elder of Sif Muna.
             Killed from afar by Gagarin's ghost (18 damage)
             ... with a fireball
             ... on level 1 of the Lair of Beasts.
             The game lasted 00:51:51 (15147 turns).

Motku123 the Jinx (Felid Enchanter)                Turns: 15147, Time: 00:51:52

Health: -5/45      AC:  2    Str:  7    XL:     10   Next: 85%
Magic:  12/20      EV: 21    Int: 17    God:    Sif Muna [****..]
Gold:   856        SH:  0    Dex: 17    Spells: 6 memorised, 2 levels left
                                        Lives:  0   Deaths: 2

rFire  . . .     SeeInvis +       - Unarmed
rCold  . . .     Gourm    .     (armour unavailable)
rNeg   . . .     Faith    +     (shield unavailable)
rPois  .         Spirit   .     (helmet unavailable)
rElec  .         Reflect  .     (cloak unavailable)
rCorr  .         Harm     .     (gloves unavailable)
MR     +....                    (boots unavailable)
Stlth  +++++.....               y - amulet of faith
                                M - -3 ring of evasion
                                A - ring of wizardry

@: very slightly contaminated, quick
A: no armour, no weapons or thrown items, stealth, claws 1, fangs 3, see
invisible, carnivore 3, speed 1, shaggy fur 2, slow metabolism 1, sharp paws
a: Divine Energy, Channel Magic, Forget Spell, Renounce Religion


You were on level 1 of the Lair of Beasts.
You worshipped Sif Muna.
Sif Muna was greatly pleased with you.
You were completely stuffed.

You visited 3 branches of the dungeon, and saw 13 of its levels.
You also visited: Sewer.

You collected 856 gold pieces.

Inventory:

Jewellery
 j - a cursed -2 ring of dexterity {unknown}
 y - an amulet of faith (around neck)
 A - a ring of wizardry (left paw)
 B - an uncursed ring of protection from magic
 L - an uncursed ring of flight
 M - a -3 ring of evasion (right paw)
Wands
 p - a wand of flame (23/48)
 x - a wand of disintegration (5/24)
 K - a wand of paralysis (11/24)
Scrolls
 d - 8 scrolls of identify
 g - 9 scrolls of remove curse
 h - 4 scrolls of recharging
 m - 5 scrolls of teleportation
 o - a scroll of amnesia
 q - a scroll of enchant armour
 r - a scroll of immolation
 t - 3 scrolls of enchant weapon
 u - 3 scrolls of random uselessness {unknown}
 D - a scroll of silence {unknown}
 G - 2 scrolls of noise
 I - 2 scrolls of magic mapping {unknown}
 P - a scroll of fear {unknown}
Potions
 c - a potion of might {unknown}
 e - a potion of invisibility {unknown}
 f - 4 potions of cancellation
 i - 8 potions of mutation {unknown}
 k - a potion of lignification {unknown}
 n - 2 potions of brilliance {unknown}
 s - a potion of resistance {unknown}
 v - 4 potions of heal wounds {unknown}
 w - 3 potions of haste {unknown}
 z - a potion of magic {unknown}
 E - 2 potions of cure mutation {unknown}
 F - a potion of flight {unknown}
 J - 2 potions of beneficial mutation {unknown}
 T - a potion of curing
 U - a potion of agility
Books
 a - a book of Maledictions

   Spells                             Type                      Level
   a - Corona                         Hexes                        1
   b - Ensorcelled Hibernation        Hexes/Ice                    2
   c - Confuse                        Hexes                        3
   d - Tukima's Dance                 Hexes                        3
   e - Dazzling Spray                 Conjuration/Hexes            3
 C - a book of Party Tricks

   Spells                             Type                      Level
   a - Summon Butterflies             Summoning                    1
   b - Apportation                    Translocation                1
   c - Lesser Beckoning               Translocation                3
   d - Tukima's Dance                 Hexes                        3
   e - Alistair's Intoxication        Transmutation/Poison         5
   f - Invisibility                   Hexes                        6
 N - a book of Clouds

   Spells                             Type                      Level
   a - Mephitic Cloud                 Conjuration/Poison/Air       3
   b - Conjure Flame                  Conjuration/Fire             3
   c - Poisonous Cloud                Conjuration/Poison/Air       6
   d - Freezing Cloud                 Conjuration/Ice/Air          6
   e - Ring of Flames                 Charms/Fire                  7
 O - a book of Beasts

   Spells                             Type                      Level
   a - Summon Butterflies             Summoning                    1
   b - Call Canine Familiar           Summoning                    3
   c - Summon Ice Beast               Ice/Summoning                4
   d - Summon Mana Viper              Hexes/Summoning              5
   e - Summon Hydra                   Summoning                    7
 Q - a book of Cantrips

   Spells                             Type                      Level
   a - Confusing Touch                Hexes                        1
   b - Animate Skeleton               Necromancy                   1
   c - Summon Small Mammal            Summoning                    1
   d - Apportation                    Translocation                1
 S - a book of Minor Magic

   Spells                             Type                      Level
   a - Magic Dart                     Conjuration                  1
   b - Blink                          Translocation                2
   c - Call Imp                       Summoning                    2
   d - Repel Missiles                 Charms/Air                   2
   e - Slow                           Hexes                        2
   f - Conjure Flame                  Conjuration/Fire             3
   g - Mephitic Cloud                 Conjuration/Poison/Air       3
Comestibles
 b - 7 meat rations
 l - 7 beef jerkies
 H - a slice of pizza


   Skills:
 + Level 5.9 Fighting
 + Level 9.0 Dodging
 + Level 10.5 Stealth
 + Level 7.6 Unarmed Combat
 + Level 6.5 Spellcasting
 - Level 14.2 Hexes
 + Level 1.4 Summonings
 - Level 3.0 Ice Magic
 - Level 1.5 Invocations


You had 2 spell levels left.
You knew the following spells:

 Your Spells              Type           Power        Failure   Level  Hunger
a - Corona                Hex            ######.      1%          1    None
b - Ensorcelled Hibernat  Hex/Ice        ####..       1%          2    None
c - Confuse               Hex            ######..     1%          3    ##.....
d - Tukima's Dance        Hex            ######..     1%          3    ##.....
e - Summon Mana Viper     Hex/Summ       ####....     7%          5    #####..
f - Invisibility          Hex            ######..     3%          6    #######


Dungeon Overview and Level Annotations

Branches:
Dungeon (11/15)            Temple (1/1) D:5            Lair (1/6) D:11
    Orc: D:9-12

Altars:
Ashenzari
Cheibriados
Dithmenos
Elyvilon
Fedhas
Gozag
Hepliaklqana
Kikubaaqudgha
Makhleb
Nemelex Xobeh
Okawaru
Qazlal
Ru
Sif Muna
Trog
Uskayaw
Vehumet
Xom
Yredelemnul
Zin
The Shining One

Annotations:
D:9 exclusion: downstairs
Lair:1 Gagarin's ghost, journeyman DrFE


Innate Abilities, Weirdness & Mutations

You cannot wear armour.
You are incapable of wielding weapons or throwing items.
Your paws allow you to move quietly. (Stealth)
You have sharp claws.
You have razor-sharp teeth.
You have supernaturally acute eyesight. (SInv)
You are carnivorous and can eat meat at any time.
You cover ground quickly.
You are covered in thick fur. (AC +2)
You have a slow metabolism.
Your sharp claws are effective at attacking unaware monsters.


Message History

The bolt of negative energy misses you.
Casting: Confuse
Confirm with . or Enter, or press ? or * to list all spells.
Aiming: Confuse
Press: ? - help, Shift-Dir - straight line, f/p - Gagarin's ghost
Aim: Gagarin's ghost, wielding a weapon of flaming (lightly damaged, catching its breath, chance to defeat MR: 28%) Gagarin's ghost easily resists.
Gagarin's ghost gestures at you while chanting.
The flame tongue hits you!
Ouch! That really hurt!
* * * LOW HITPOINT WARNING * * *
Casting: Confuse
Confirm with . or Enter, or press ? or * to list all spells.
Aiming: Confuse
Press: ? - help, Shift-Dir - straight line, f/p - Gagarin's ghost
Aim: Gagarin's ghost, wielding a weapon of flaming (lightly damaged, catching its breath, chance to defeat MR: 28%) Gagarin's ghost easily resists.
Gagarin's ghost gestures at you while chanting.
The fireball explodes!
The fireball engulfs you!
You die...

##.#####.##....♣≈≈≈.≈...♣....##..
#..###.#+###....♣≈≈≈.........####
##..............#............P(##
#................................
##...............................
#...............................
#.............W.................
#..##...##......................
#...#P.####....@####P.##......##
#........##............#........
#..#./....#.....#.............##
#..##....#....................#
#..##..................#......#
#..##....#......#..............+
#...............#.............##
#..#####.##............P......#
##..###.###P.....#.............#


You could see Gagarin's ghost.

Vanquished Creatures
  Josephine (D:11)
  An unseen horror (D:11)
  A merfolk (D:9)
  A hornet (D:10)
  4 blink frogs (Lair:1)
  5 hippogriffs
  Sigmund (D:2)
  5 wraiths (D:11)
  Eustachio (D:5)
  A wyvern (D:8)
  2 basilisks (Lair:1)
  12 yaks
  A hungry ghost (D:10)
  Menkaure (D:6)
  Grum (D:11)
  2 porcupines (Lair:1)
  2 sky beasts (D:9)
  Purgy (Sewer)
  2 ice beasts (D:11)
  A black bear (D:6)
  An eye of draining (D:10)
  The ghost of kae the Ruffian, an amateur DrTm (D:6)
  2 phantoms
  2 wolves (D:10)
  2 centaurs
  2 crocodiles (Lair:1)
  6 bullfrogs
  2 big kobolds
  A wyvern zombie (D:11)
  A gnoll sergeant (D:8)
  A wyvern skeleton (D:9)
  3 killer bees
  5 scorpions
  4 howler monkeys
  13 wights
  2 electric eels (Lair:1)
  4 bullfrog zombies
  2 centaur zombies (D:4)
  3 crimson imps
  A quasit (D:10)
  5 centaur skeletons
  6 hounds
  A jelly (D:6)
  2 orc priests
  2 bullfrog skeletons
  Terence (D:2)
  Jessica (D:3)
  Ijyb (D:1)
  4 worker ants
  5 iguanas
  An orc wizard (D:11)
  Natasha (thrice) (D:2)
  A killer bee zombie (D:10)
  A hound zombie (D:6)
  A hound skeleton (D:8)
  2 howler monkey zombies
  A worker ant zombie (D:4)
  8 gnolls
  A howler monkey skeleton (D:9)
  15 adders
  2 shadow imps (D:10)
  3 oozes
  2 adder zombies (D:4)
  3 dart slugs
  3 leopard geckos
  10 orcs
  3 giant cockroaches
  8 hobgoblins
  8 jackals
  18 kobolds
  6 quokkas
  A ball python (D:1)
  4 bats
  11 frilled lizards
  2 giant cockroach zombies (D:4)
  11 goblins
  2 jackal zombies (D:4)
  2 leopard gecko zombies
  A quokka skeleton (D:4)
  13 rats
279 creatures vanquished.

Vanquished Creatures (collateral kills)
  A hill giant (D:10)
  2 ogres
  A scorpion (D:11)
4 creatures vanquished.

Vanquished Creatures (others)
  An orc (D:11)
  A kobold (D:11)
  3 plants (D:10)
5 creatures vanquished.

Grand Total: 288 creatures vanquished

Notes
Turn   | Place    | Note
-------+----------+-------------------------------------------
     0 | D:1      | Motku123 the Felid Enchanter began the quest for the Orb.
     0 | D:1      | Reached XP level 1. HP: 7/7 MP: 4/4
   257 | D:1      | Reached XP level 2. HP: 11/11 MP: 4/6
   416 | D:1      | Learned a level 2 spell: Ensorcelled Hibernation
   557 | D:1      | Reached skill level 5 in Hexes
   722 | D:1      | Reached XP level 3. HP: 14/14 MP: 4/7
   788 | D:1      | Learned a level 3 spell: Confuse
  1274 | D:2      | Noticed Natasha
  1275 | D:2      | Noticed Sigmund
  1284 | D:2      | Noticed Ijyb
  1939 | D:1      | Killed Ijyb
  1939 | D:1      | Reached skill level 1 in Ice Magic
  1939 | D:1      | Reached XP level 4. HP: 13/18 MP: 0/8
  2350 | D:2      | Reached skill level 5 in Stealth
  2448 | D:2      | Found a blossoming altar of Fedhas.
  2676 | D:2      | Found an iron altar of Okawaru.
  2677 | D:2      | Noticed Terence
  2822 | D:3      | Reached XP level 5. HP: 21/21 MP: 9/9
  2835 | D:3      | Found a basalt altar of Yredelemnul.
  2858 | D:3      | Reached skill level 6 in Hexes
  3440 | D:3      | Reached skill level 1 in Fighting
  3520 | D:3      | Found a glowing golden altar of the Shining One.
  3553 | D:3      | Noticed Jessica
  3558 | D:3      | Killed Jessica
  3658 | D:3      | Gained mutation: You are covered in thick fur. (AC +2) [Felid growth]
  3658 | D:3      | Reached XP level 6. HP: 25/25 MP: 10/10
  4286 | D:4      | Reached skill level 7 in Hexes
  4424 | D:4      | Reached XP level 7. HP: 16/30 MP: 1/11
  5165 | D:4      | Found a snail-covered altar of Cheibriados.
  5245 | D:5      | Entered Level 5 of the Dungeon
  5752 | D:5      | Found a stormy altar of Qazlal.
  5872 | D:5      | Found a staircase to the Ecumenical Temple.
  5876 | Temple   | Entered the Ecumenical Temple
  5940 | Temple   | Became a worshipper of Sif Muna the Loreminder
  6007 | D:5      | Found a glowing drain.
  6011 | D:5      | Reached skill level 8 in Hexes
  6018 | Sewer    | Entered a sewer
  6080 | Sewer    | Noticed Purgy
  6086 | Sewer    | Killed Purgy
  6086 | Sewer    | Reached XP level 8. HP: 29/33 MP: 6/14
  6391 | D:5      | Noticed Eustachio
  6418 | D:5      | Killed Eustachio
  6608 | D:6      | Found a radiant altar of Vehumet.
  6621 | D:6      | Reached skill level 5 in Unarmed Combat
  6659 | D:6      | Found an ancient bone altar of Kikubaaqudgha.
  6723 | D:6      | Noticed Menkaure
  6916 | D:6      | Noticed kae's ghost (amateur DrTm)
  6990 | D:6      | Killed kae's ghost
  6990 | D:6      | Reached skill level 5 in Dodging
  6990 | D:6      | Reached skill level 9 in Hexes
  7000 | D:6      | Killed Menkaure
  7087 | D:6      | Reached XP level 9. HP: 23/38 MP: 12/16
  7176 | D:7      | Learned a level 3 spell: Tukima's Dance
  7180 | D:7      | Learned a level 3 spell: Dazzling Spray
  7424 | D:7      | Reached * piety under Sif Muna
  7484 | D:7      | Found an opulent altar of Gozag.
  7484 | D:7      | Found a shimmering altar of Xom.
  7485 | D:7      | Found a hazy altar of Hepliaklqana.
  7485 | D:7      | Found a burning altar of Makhleb.
  8467 | D:8      | Reached skill level 1 in Invocations
  8873 | D:2      | Killed Sigmund
  8895 | D:2      | Killed Terence
  9009 | D:2      | Killed Natasha
  9042 | D:2      | Noticed Natasha
  9047 | D:2      | Killed Natasha
  9166 | D:2      | Noticed Natasha
  9179 | D:2      | Killed Natasha
  9382 | D:9      | Reached skill level 10 in Hexes
  9413 | D:9      | Reached skill level 5 in Spellcasting
  9491 | D:9      | Reached ** piety under Sif Muna
  9529 | D:9      | Reached skill level 11 in Hexes
  9562 | D:9      | Noticed a merfolk
 10036 | D:9      | Reached skill level 12 in Hexes
 10036 | D:9      | Reached XP level 10. HP: 41/42 MP: 7/18
 10320 | D:9      | Reached skill level 13 in Hexes
 10591 | D:9      | Learned a level 6 spell: Invisibility
 10615 | D:9      | Found a glowing silver altar of Zin.
 10642 | D:9      | Reached *** piety under Sif Muna
 10730 | D:9      | Slain by a merfolk
 10731 | D:9      | Reached XP level 9. HP: -3/39 MP: 5/17
 11027 | D:9      | Killed a merfolk
 11152 | D:10     | Entered Level 10 of the Dungeon
 12358 | D:10     | Noticed a hill giant
 12389 | D:10     | Killed a hill giant
 12389 | D:10     | Reached XP level 10. HP: 26/43 MP: 7/19
 12828 | D:11     | Noticed Josephine
 12892 | D:11     | Noticed Grum
 13069 | D:11     | Reached skill level 5 in Fighting
 13081 | D:11     | Killed Grum
 13536 | D:11     | Found a sparkling altar of Nemelex Xobeh.
 13906 | D:11     | Slain by a wraith
 13907 | D:11     | Reached XP level 9. HP: 0/40 MP: 14/19
 13914 | D:11     | Killed Josephine
 13925 | D:11     | Noticed an unseen horror
 14209 | D:11     | Reached skill level 14 in Hexes
 14221 | D:11     | Reached XP level 10. HP: 31/44 MP: 10/20
 14349 | D:11     | Killed an unseen horror
 14349 | D:11     | Reached skill level 10 in Stealth
 14467 | D:11     | Found a staircase to the Lair.
 14477 | Lair:1   | Entered Level 1 of the Lair of Beasts
 14529 | Lair:1   | Reached **** piety under Sif Muna
 14627 | Lair:1   | Learned a level 5 spell: Summon Mana Viper
 14696 | Lair:1   | Noticed Gagarin's ghost (journeyman DrFE)
 14869 | Lair:1   | Reached skill level 1 in Summonings
 15147 | Lair:1   | Killed from afar by Gagarin's ghost

Vault maps used:
D:1:      kennysheep_arrival_seaside, nrook_mini_vaults
D:2:      fedhas_altar_2, okawaru_gym_becter, first_bread,
          hangedman_decor_growths, uniq_sigmund, uniq_natasha, uniq_iyjb,
          uniq_terence
D:3:      lemuel_doored_altar, nicolae_tso_carved_into_rock,
          uniq_crazy_yiuf_cottage, uniq_jessica
D:4:      kennysheep_slug_shrine, serial_undead, serial_undead_d,
          serial_undead_b, serial_undead_a, serial_undead_f, serial_undead_b,
          minmay_surrounded
D:5:      marbit_many_paths, portal_sewer_entry_d, uniq_eustachio
D:6:      nicolae_overflow_hidden_temple, vehumet_altar_wand_db, uniq_menkaure
D:7:      chequers_temple_overflow_statue_of_worship
D:9:      lemuel_round_altar, hangedman_fish_farm
D:10:     serial_bayou_lagoon_a
D:11:     lair_0_dummy, basic_altar, lab_entry_generic, minmay_misc_feat_plants,
          uniq_josephine, uniq_grum
Temple:   jpeg_temple_island
Lair:1:   nicolae_quartered_pool_little, disabler_island
Sewer:    kennysheep_door_sewer

Skill      XL: |  1  2  3  4  5  6  7  8  9 10 |
---------------+-------------------------------+-----
Hexes          | 5 6 7 8 9 14 13 | 14.2
Unarmed Combat | 2 3 4 5 7 |  7.6
Ice Magic      | 1 2 3 |  3.0
Stealth        | 5 6 7 8 9 10 | 10.5
Dodging        | 3 5 8 9 |  9.0
Fighting       | 1 2 3 4 5 |  5.9
Spellcasting   | 3 4 5 6 |  6.5
Invocations    | 1 |  1.5
Summonings     | 1 |  1.4

Action                   |  1- 3 |  4- 6 |  7- 9 | 10-12 || total
-------------------------+-------+-------+-------+-------++-------
Melee: Unarmed           |    92 |   180 |   346 |   153 ||   771
       Bite              |    12 |    17 |    30 |    15 ||    74
       Punch             |       |     1 |     1 |     4 ||     6
 Cast: Corona            |     4 |     1 |       |       ||     5
       Ensorcelled Hiber |    25 |    31 |    90 |    65 ||   211
       Confuse           |     2 |    11 |    51 |    18 ||    82
       Invisibility      |       |       |     2 |     4 ||     6
       Tukima's Dance    |       |       |     2 |     2 ||     4
Invok: Divine Energy     |       |       |       |     1 ||     1
       Stop Divine Energ |       |       |       |     1 ||     1
  Use: Potion            |       |     2 |     2 |       ||     4
       Scroll            |       |       |    13 |     1 ||    14
 Stab: Sleeping          |    21 |    23 |    83 |    37 ||   164
       Distracted        |     2 |       |     2 |       ||     4
       Confused          |       |     9 |    24 |    12 ||    45
       Invisible         |       |       |     1 |    10 ||    11
  Eat: Chunk             |     9 |    10 |    20 |    18 ||    57
Armor: Skin              |     7 |     9 |    16 |     4 ||    36
Dodge: Dodged            |    66 |   159 |   206 |   117 ||   548
